 Dungeon Crawl Stone Soup version 0.31-a0-743-g45f7035092 (webtiles) character file.

Game seed: 8648501288972349380

954 GigaChad the Chopper (level 8, -2/53 (61) HPs)
             Began as a Formicid Fighter on Sept 13, 2023.
             Was an Initiate of the Shining One.
             Slain by a wight
             ... wielding a +0 halberd
              (3 damage)
             ... on level 6 of the Dungeon.
             The game lasted 00:06:56 (4382 turns).

GigaChad the Chopper (Formicid Fighter)             Turns: 4382, Time: 00:06:56

HP:   -2/53 (61)    AC: 14    Str: 26    XL:     8   Next: 36%
MP:   0/0           EV:  7    Int:  8    God:    the Shining One [......]
Gold: 293           SH:  5    Dex: 13    Spells: 7/7 levels left

rFire   . . .        a - +0 war axe
rCold   . . .        c - +0 buckler
rNeg    . . .        r - +0 plate armour
rPois   .            (helmet unavailable)
rElec   .            (no cloak)
rCorr   +            g - +1 pair of gloves of Cowardice {rCorr MP-9 Str+3}
SInv    +            (no boots)
Will    .....        (no amulet) Stlth
                     (no ring)
HPRegen 0.28/turn    (no ring)
MPRegen 0.07/turn

%: no passive effects
@: glowing, heavily drained
A: permanent stasis, dig shafts and tunnels, antennae 3, four strong arms
a: Dig, Shaft Self, Renounce Religion


You were on level 6 of the Dungeon.
You worshipped the Shining One.
The Shining One was noncommittal.
You visited 2 branches of the dungeon, and saw 7 of its levels.

You collected 293 gold pieces.

Inventory:

Hand Weapons
 a - a +0 war axe (weapon)
Armour
 b - a +0 scale mail
 c - a +0 buckler (worn)
 g - the +1 pair of gloves of Cowardice (worn) {rCorr MP-9 Str+3}
   (You acquired it on level 4 of the Dungeon)

   Str+3:     It affects your strength (+3).
   MP-9:      It affects your magic capacity (-9).
   rCorr:     It protects you from acid and corrosion.
 r - a +0 plate armour (worn)
Jewellery
 f - a +5 ring of evasion
 o - a ring of protection from fire
Scrolls
 e - 8 scrolls of identify
 j - 2 scrolls of amnesia
 k - a scroll of teleportation {unknown}
 m - 2 scrolls of immolation
 n - a scroll of enchant weapon {unknown}
 q - 2 scrolls of vulnerability {unknown}
 s - 2 scrolls of blinking {unknown}
Potions
 d - 6 potions of might
 h - 2 potions of lignification {unknown}
 i - 2 potions of curing {unknown}
 l - a potion of cancellation {unknown}
 p - a potion of ambrosia {unknown}


   Skills:
 * Level 4.8 Fighting
 * Level 6.7 Axes
 * Level 5.8 Armour
 * Level 5.8 Shields


You had 7 spell levels left.
You didn't know any spells.
Your spell library contained the following spells:

 Spells                   Type           Power      Damage    Failure   Level
 Apportation              Tloc           0%         N/A       99%         1
 Necrotise                Necr           0%         1d4       99%         1
 Shock                    Conj/Air       0%         1d3       99%         1
 Summon Small Mammal      Summ           0%         N/A       99%         1
 Airstrike                Air            0%         2d(0-16)  100%        4
 Leda's Liquefaction      Hex/Erth       0%         N/A       100%        4
 Lee's Rapid Deconstruct  Erth           0%         3d4*      100%        5
 Leda's Unmaking          Conj/Erth      0%         9d1       100%        6
 Swiftness                Air            Unusable   N/A       N/A         3

Dungeon Overview and Level Annotations

Branches:
Dungeon (6/15)             Temple (1/1) D:5

Altars:
Ashenzari
Cheibriados
Dithmenos
Elyvilon
Fedhas
Hepliaklqana
Makhleb
Nemelex Xobeh
Qazlal
Ru
Sif Muna
Uskayaw
Wu Jian
Xom
Yredelemnul
Zin
The Shining One

Shops:
D:6 [


Innate Abilities, Weirdness & Mutations

You cannot be hasted, slowed, berserked, paralysed or teleported.
You can dig through walls and to a lower floor.
You have a pair of large antennae on your head. (SInv)
Your four strong arms can wield two-handed weapons with a shield.


Message History

The wight barely misses you.
Things that are here:
a +0 flail; a +0 robe Unknown command.
You hit the wight but do no damage. You block the wight's attack.
The wight hits you but does no damage.
You barely miss the wight. You slash the wight! You hit the wight.
The wight hits you with a +2 scimitar!
You feel drained.
The wight hits you with a +0 long sword.
The wight hits you from afar with a +5 trident.
You block the wight's attack.
Unknown command.
You are too injured to fight recklessly!
Unknown command.
You are too injured to fight recklessly!
Unknown command.
You are too injured to fight recklessly!
Unknown command.
You are too injured to fight recklessly!
The wight attacks as it pursues you! The wight closely misses you.
The wight hits you with a +0 long sword.
You feel drained.
The wight hits you from afar with a +0 halberd.
* * * LOW HITPOINT WARNING * * *
You feel drained.
You hit the wight.
The wight is severely damaged.
You hit the wight but do no damage. You hit the white imp but do no damage.
The wight completely misses you. The white imp hits you.
* * * LOW HITPOINT WARNING * * *
The white imp freezes you.
* * * LOW HITPOINT WARNING * * *
You block the wight's attack. The wight hits you but does no damage.
The wight barely misses you.
The wight hits you from afar with a +5 trident.
* * * LOW HITPOINT WARNING * * *
The wight hits you from afar with a +0 halberd!
* * * LOW HITPOINT WARNING * * *
You feel drained.
You die...

.#...#.. #.. # #
..#...#...#.. ..####
#...#...#...#...#....# .#
.#...#...#...#...##..
...#,..#...#...#...#.##..
#...#...#...#...#.......
#..z#z5.#...#...#..#..
#zz@#...#...#.....8.
#...#$..#...#...#.....
#...#...#...#...#..#....
...#...#...#...#....#....
###..#...#...#.(....#....
#.#..#...#.†#.....##'##
........#....#.....#....
.............#.....#....
####........#.....#....


You could see 4 wights and a white imp.

Vanquished Creatures
  2 sky beasts
  3 scorpions (D:5)
  A wight (D:6)
  A gnoll bouda (D:5)
  A jelly (D:5)
  An orc priest (D:4)
  5 orc wizards
  4 iguanas
  4 gnolls (D:4)
  8 adders
  An ufetubus (D:5)
  2 dart slugs
  7 orcs
  10 endoplasms
  3 giant cockroaches
  9 hobgoblins
  10 jackals
  A quokka (D:1)
  6 ball pythons
  10 bats
  3 frilled lizards
  7 goblins
  6 kobolds
  5 rats
110 creatures vanquished.

Notes
Turn   | Place    | Note
-------+----------+-------------------------------------------
     0 | D:1      | GigaChad the Formicid Fighter began the quest for the Orb.
     0 | D:1      | Reached XP level 1. HP: 18/18 MP: 1/1
   138 | D:1      | Reached XP level 2. HP: 24/24 MP: 2/2
   270 | D:1      | Reached XP level 3. HP: 23/29 MP: 3/3
   790 | D:2      | Reached XP level 4. HP: 35/37 MP: 4/4
   844 | D:2      | Reached skill level 3 in Axes
  1296 | D:3      | Reached XP level 5. HP: 28/42 MP: 5/5
  1374 | D:3      | Found a faded altar of an unknown god.
  2005 | D:4      | Reached skill level 4 in Axes
  2094 | D:4      | Identified a scroll of acquirement
  2095 | D:4      | Acquired the +1 pair of gloves of Cowardice {rCorr MP-9
                  | Str+3}
  2260 | D:4      | Reached XP level 6. HP: 11/48 MP: 0/6
  2266 | D:4      | Reached skill level 5 in Shields
  2953 | D:5      | Entered Level 5 of the Dungeon
  2979 | D:5      | Reached skill level 5 in Axes
  2979 | D:5      | Reached XP level 7. HP: 32/54 MP: 0/7
  3072 | D:5      | Found a staircase to the Ecumenical Temple.
  3094 | Temple   | Entered the Ecumenical Temple
  3155 | Temple   | Became a worshipper of the Shining One
  3326 | D:5      | Reached skill level 5 in Armour
  3383 | D:5      | Reached skill level 6 in Axes
  3383 | D:5      | Reached XP level 8. HP: 7/61 MP: 0/8
  4261 | D:6      | Found Qabuagrexku's Antique Armour Shop.
  4382 | D:6      | HP: 1/55 [wight/+0 halberd (7)]
  4382 | D:6      | Slain by a wight

Illustrated notes

Levels and vault maps discovered:
D:1:      co_arrival_random_square_maze, layout_rooms
D:2:      layout_rooms
D:3:      kennysheep_the_goblin_king, layout_basic,
          hellmonk_ecumenical_altar_blasted, kennysheep_nub
D:4:      layout_loops_ring, hex_tiny
D:5:      layout_cave_pods, minmay_temple_entry_crystal_x,
          minmay_fractal_squares_gapless_5
D:6:      layout_gridville, kennysheep_little_box, serial_shops,
          nicolae_stop_n_shop_1, hex_large, hangedman_feature_mirror,
          amcnicky_mini_rare_corridor_liquid
Temple:   nicolae_temple_bog_church

Skill      XL: |  1  2  3  4  5  6  7 |
---------------+----------------------+-----
Axes           | 3 4 5 6 |  6.7
Armour         | 4 5 |  5.8
Fighting       | 4 |  4.8
Shields        | 5 |  5.8

Action                     |  1- 3 |  4- 6 |  7- 9 || total
---------------------------+-------+-------+-------++-------
  Melee: War axe           |    82 |   181 |    87 ||   350
Ability: Dig               |       |       |     1 ||     1
    Use: Scroll            |       |     3 |       ||     3
 Armour: Scale mail        |    54 |    77 |       ||   131
         Plate armour      |       |    73 |    93 ||   166
  Dodge: Dodged            |    46 |    96 |    44 ||   186
  Block: Buckler           |    23 |    45 |    23 ||    91

Table legend: (Time is in decaauts)
 A = Elapsed time spent in this place.
 B = Non-inter-level travel time spent in this place.
 C = Inter-level travel time spent in this place.
 D = Time resting spent in this place.
 E = Time spent auto-exploring this place.
 F = Levels seen in this place.
 G = Mean time per level.
                   A        B        C        D        E       F      G
               +--------+--------+--------+--------+--------+-----+--------+
         Total |   4500 |   4374 |    126 |      0 |   3459 |   7 |  642.9 |
       Dungeon |   4420 |   4307 |    113 |      0 |   3459 |   6 |  736.7 |
        Temple |     79 |     66 |     13 |      0 |      0 |   1 |   79.0 |
               +--------+--------+--------+--------+--------+-----+--------+

Top non-repeatable levels by time:
     D:5: 1253 daAuts
     D:4: 1019 daAuts
     D:1: 738 daAuts
     D:3: 733 daAuts
     D:2: 551 daAuts
     D:6: 124 daAuts
  Temple: 79 daAuts
